 Dungeon Crawl Stone Soup version 0.28-a0-1182-g381e24db82 (webtiles) character file.

Game seed: 6320211217081389264

7 jtrev the Cudgeller (level 2, 0/19 HPs)
             Began as a Gargoyle Berserker on Dec 16, 2021.
             Was a Follower of Trog.
             Slain by an endoplasm (2 damage)
             ... on level 1 of the Dungeon.
             The game lasted 00:00:50 (281 turns).

jtrev the Cudgeller (Gargoyle Berserker)             Turns: 281, Time: 00:00:50

Health: 0/19       AC:  4    Str: 20    XL:     2   Next: 4%
Magic:  2/2        EV: 11    Int:  7    God:    Trog [*.....]
Gold:   2          SH:  0    Dex:  9    Spells: 1/1 levels left

rFire   . . .      SeeInvis .   a - +0 mace
rCold   . . .      Faith    .   (no shield)
rNeg    + . .      Spirit   .   b - +0 animal skin
rPois   ∞          Reflect  .   (no helmet)
rElec   +          Harm     .   (no cloak)
rCorr   .          Rampage  .   (no gloves)
Will    .....                   (no boots)
Stlth   +.........              (no amulet)
HPRegen 0.06/turn               (no ring)
MPRegen 0.08/turn               (no ring)

@: no status effects
A: sickness immunity, AC +2, negative energy resistance 1, electricity
resistance, torment resistance 1, petrification resistance
a: Renounce Religion, Berserk


You were on level 1 of the Dungeon.
You worshipped Trog.
Trog was aware of your devotion.
You visited 1 branch of the dungeon, and saw 1 of its levels.

You collected 2 gold pieces.

Inventory:

Hand Weapons
 a - a +0 mace (weapon)
Armour
 b - a +0 animal skin (worn)


   Skills:
 - Level 3.2 Fighting
 + Level 3.5 Maces & Flails
 - Level 2.1 Armour
 - Level 1.5 Dodging


You had one spell level left.
You didn't know any spells.
Your spell library was empty.

Dungeon Overview and Level Annotations

Branches:
Dungeon (1/15)

Altars:


Innate Abilities, Weirdness & Mutations

You are immune to sickness and miasma.
Your stone body is resilient. (AC +2)
You are immune to poison.
You resist negative energy. (rN+)
You are resistant to electric shocks. (rElec)
You are resistant to unholy torment.
You are immune to petrification.


Message History

No target in view!
Found 2 gold pieces.
You now have 2 gold pieces.
You see here a bat corpse.
A bat comes into view.
A bat is nearby!
The bat closely misses you.
You completely miss the bat. The bat hits you but does no damage.
You closely miss the bat. The bat hits you but does no damage.
The bat barely misses you.
You closely miss the bat. The bat hits you but does no damage.
The bat hits you. The bat closely misses you. The bat hits you.
The bat hits you but does no damage. The bat barely misses you.
You sock the bat!
You kill the bat!
Trog accepts your kill.
No target in view!
No target in view!
A goblin comes into view. It is wielding a +0 dagger.
The goblin shouts!
A goblin is nearby!
An endoplasm comes into view.
You barely miss the goblin.
The endoplasm quivers.
The goblin closely misses you.
You barely miss the goblin. The goblin closely misses you.
You hit the goblin. The goblin hits you but does no damage.
The endoplasm freezes you.
You are frozen.
You completely miss the goblin. The goblin hits you with a +0 dagger.
The endoplasm freezes you.
You are frozen.
The goblin closely misses you.
You hit the goblin.
You kill the goblin!
Trog accepts your kill. The endoplasm freezes you.
You are frozen.
* * * LOW HITPOINT WARNING * * *
You have reached level 2!
Unknown command.
You hit the endoplasm. The endoplasm hits you.
* * * LOW HITPOINT WARNING * * *
You hit the endoplasm. The endoplasm freezes you.
You are frozen.
* * * LOW HITPOINT WARNING * * *
The endoplasm hits you.
You die...

#....#######.######....#
#######...................#
#⌠...⌠###........#####....#
#..<..#.#........# ######
#.....#.#........#
#..>..#...÷#####.#
##⌠...⌠###....###.######
##.######....J..........#
#.#######...##@.........#
##.##...)..###..........#
#.#..##...# #..........#
##...##...###..........#
###.....##............#
#####....#..........#
#.#####..........# #.
#..........# #.
#..........#


You could see an endoplasm.

Vanquished Creatures
  A ball python (D:1)
  2 bats (D:1)
  An endoplasm (D:1)
  A goblin (D:1)
  A kobold (D:1)
6 creatures vanquished.

Notes
Turn   | Place    | Note
-------+----------+-------------------------------------------
     0 | D:1      | jtrev the Gargoyle Berserker began the quest for the Orb.
     0 | D:1      | Reached XP level 1. HP: 14/14 MP: 1/1
   262 | D:1      | Reached XP level 2. HP: 4/19 MP: 2/2
   281 | D:1      | Slain by an endoplasm

Illustrated notes

Levels and vault maps discovered:
D:1:      amcnicky_arrival_gap_in_the_tavern_cellar, layout_rooms,
          dreamdust_ecumenical_altar_grove, st_stairs_3, glass_columns_a

Action                   || total
-------------------------++-------
Melee: Mace              ||    18
Armor: Animal skin       ||     9
Dodge: Dodged            ||    11

Table legend: (Time is in decaauts)
 A = Elapsed time spent in this place.
 B = Non-inter-level travel time spent in this place.
 C = Inter-level travel time spent in this place.
 D = Time resting spent in this place.
 E = Time spent auto-exploring this place.
 F = Levels seen in this place.
 G = Mean time per level.
                   A        B        C        D        E       F      G
               +--------+--------+--------+--------+--------+-----+--------+
         Total |    284 |    284 |      0 |      0 |    220 |   1 |  284.0 |
       Dungeon |    284 |    284 |      0 |      0 |    220 |   1 |  284.0 |
               +--------+--------+--------+--------+--------+-----+--------+

Top non-repeatable levels by time:
     D:1: 284 daAuts
